 Dungeon Sprint DCSS version 0.17-a0-1337-ge651487 (webtiles) character file.

1084 Kidiri the Covert (level 8, -3/36 HPs)
             Began as a Spriggan Enchanter on June 10, 2015.
             Slain by a kraken (8 damage)
             ... in the Dungeon (Sprint II: "The Violet Keep of Menkaure").
             The game lasted 00:07:28 (813 turns).

Kidiri the Covert (Spriggan Enchanter)               Turns: 813, Time: 00:07:28

Health: -3/36      AC:  3    Str:  8    XL:     8   Next: 8%
Magic:  14/22      EV: 28    Int: 19    God:
Gold:   281        SH:  0    Dex: 18    Spells: 5 memorised, 14 levels left

rFire  . . .     SeeInvis +     a - +1 dagger
rCold  . . .     Clarity  .     b - +1 robe
rNeg   . . .     SustAt   .     (shield restricted)
rPois  +         Gourm    .     (helmet restricted)
rElec  .         Spirit   .     (no cloak)
rCorr  .         Warding  .     (gloves unavailable)
rMut   .         NoTele   +     (boots unavailable)
MR     +....                    (no amulet)
Stlth  ++++++....               (no ring)
                                k - ring "Yhinid" {+Inv rPois Str+4 Int+2}

@: very slightly contaminated, invisible, very quick, somewhat resistant to
hostile enchantments, very stealthy
A: unfitting armour, see invisible, herbivore 3, speed 3, slow metabolism 2
a: Turn Visible


You were in the Dungeon.
You were not hungry.

You visited 1 branch You collected 972 gold pieces.
You spent 691 gold pieces at shops.

Inventory:

Hand weapons
 a - a +1 dagger (weapon)
Armour
 b - a +1 robe (worn)
Jewellery
 k - the ring "Yhinid" (left hand) {+Inv rPois Str+4 Int+2}
   (You bought it in a shop in the Dungeon)

   [ring of strength]

   It affects your strength (+4).
   It affects your intelligence (+2).
   It protects you from poison.
   It lets you turn invisible.
Magical devices
 l - a wand of digging (10)
Scrolls
 j - a scroll of blinking
Potions
 e - a potion of curing
 f - a potion of heal wounds
 g - a potion of haste
 h - 2 potions of magic
 i - a potion of berserk rage
Books
 c - a book of Maledictions

   Spells                             Type                      Level
   a - Corona                         Hexes                        1
   b - Ensorcelled Hibernation        Hexes/Ice                    2
   c - Confuse                        Hexes                        3
   d - Tukima's Dance                 Hexes                        3
   e - Dazzling Spray                 Conjuration/Hexes            3
Comestibles
 d - a bread ration


   Skills:
 * Level 8.4 Short Blades
 * Level 11.2 Dodging
 * Level 12.4 Stealth
 * Level 9.7 Spellcasting
 + Level 3.4 Conjurations
 + Level 7.4 Hexes
 + Level 3.9 Ice Magic
 + Level 1.0 Evocations


You had 14 spell levels left.
You knew the following spells:

 Your Spells              Type           Power        Failure   Level  Hunger
a - Corona                Hex            #####..      1%          1    None
b - Ensorcelled Hibernat  Hex/Ice        ####..       1%          2    None
c - Confuse               Hex            #####...     1%          3    None
d - Tukima's Dance        Hex            #####...     1%          3    None
e - Dazzling Spray        Conj/Hex       ####....     2%          3    None


Dungeon Overview and Level Annotations

Branches:
Dungeon (1/1)

Altars:
Okawaru
Sif Muna

Shops:
D =!:!(%[=[[:??[[}

Annotations:
D exclusions: ice statue and oklob plant


Innate Abilities, Weirdness & Mutations

You are tiny and cannot use many weapons and most armour.
You have supernaturally acute eyesight.
You are a herbivore.
You cover ground extremely quickly.
You need consume almost no food.


Message History

Use which ability? (? or * to list)
You fade into invisibility!
You feel quite a bit more hungry.
You open the door.
There is an open door here.
Really walk into a travel-excluded area? [Y]es or [N]o only, please.
Really walk into a travel-excluded area?
The kraken barely misses you.
You hit the kraken but do no damage.
The kraken is heavily wounded.
The kraken closely misses you.
Casting: Ensorcelled Hibernation
Confirm with . or Enter, or press ? or * to list all spells.
Aiming: Ensorcelled Hibernation
Press: ? - help, Shift-Dir - straight line, f/p - kraken
Aim: a kraken (water, heavily wounded, chance to defeat MR: 25%)
The kraken resists with almost no effort.
The kraken bites you!
You die...

##≈≈≈.........#
.#≈≈≈≈.##+##..#
.#≈≈≈≈####.##.####
.#≈≈≈≈#..##.# ...#
.#≈≈####...####..##
.#≈##.###+###.##..#
∩#≈#.#.##.##...#..#
.'≈'###+.<.'.#.'..###
∩#≈#.#%##.##)..#@...#
##≈##.###'###.##X.....≈≈≈
##≈≈#####..####≈≈§....≈#+
##≈≈≈#%##%%#≈≈≈§≈§§§.≈#.
#'#≈##.#.##≈§§≈§§§§.≈#. ≈
#.#≈≈##+##≈≈≈≈§§§§≈≈≈#_ §
####≈≈≈≈≈≈≈≈≈≈≈≈≈§≈≈≈#.
#+++#+++#≈≈≈§§≈≈≈≈#_ .§..


You could see a kraken.

Vanquished Creatures
  A siren (D)
  A vampire mosquito (D)
  2 hippogriffs (D)
  Menkaure (D)
  4 brain worms (D)
  3 worms (D)
12 creatures vanquished.

Vanquished Creatures (others)
  8 tentacles (D)
8 creatures vanquished.

Grand Total: 20 creatures vanquished

Notes
Turn   | Place    | Note
--------------------------------------------------------------
     0 | D        | Kidiri the Spriggan Enchanter began the quest for the Orb.
     0 | D        | Reached XP level 1. HP: 9/9 MP: 5/5
     1 | D        | Noticed a hippogriff
     1 | D        | Noticed a hippogriff
     5 | D        | Noticed a brain worm
     5 | D        | Noticed a brain worm
     5 | D        | Noticed a brain worm
     5 | D        | Noticed a brain worm
     7 | D        | Killed a brain worm
     7 | D        | Reached skill level 5 in Dodging
     7 | D        | Reached skill level 7 in Stealth
     7 | D        | Reached skill level 5 in Spellcasting
     7 | D        | Reached XP level 2. HP: 13/13 MP: 6/9
     7 | D        | Reached XP level 3. HP: 16/16 MP: 6/10
    13 | D        | Learned a level 2 spell: Ensorcelled Hibernation
    17 | D        | Learned a level 3 spell: Confuse
    21 | D        | Learned a level 3 spell: Tukima's Dance
    25 | D        | Learned a level 3 spell: Dazzling Spray
    44 | D        | Killed a brain worm
    44 | D        | Reached skill level 8 in Stealth
    44 | D        | Reached skill level 1 in Conjurations
    44 | D        | Reached skill level 5 in Hexes
    44 | D        | Reached skill level 1 in Ice Magic
    44 | D        | Reached XP level 4. HP: 21/21 MP: 10/12
    49 | D        | Killed a brain worm
    49 | D        | Reached skill level 5 in Short Blades
    49 | D        | Reached skill level 9 in Stealth
    49 | D        | Reached XP level 5. HP: 24/24 MP: 9/15
    55 | D        | Killed a brain worm
   158 | D        | Noticed a siren
   169 | D        | Killed a siren
   169 | D        | Reached skill level 10 in Dodging
   169 | D        | Reached skill level 11 in Stealth
   169 | D        | Reached XP level 6. HP: 25/28 MP: 7/18
   169 | D        | Reached XP level 7. HP: 28/32 MP: 7/20
   265 | D        | Noticed an ice statue
   297 | D        | Killed a hippogriff
   299 | D        | Killed a hippogriff
   299 | D        | Reached skill level 12 in Stealth
   308 | D        | Found Anituk's Antique Armour Boutique.
   308 | D        | Found Xikudyir's Magic Scroll Shop.
   308 | D        | Found Meppukil's Antique Armour Boutique.
   308 | D        | Found Imoreh's Book Boutique.
   308 | D        | Found Jolakh's Antique Armour Shop.
   309 | D        | Found Jiysabb's Gadget Shop.
   309 | D        | Found Kafyg's Magic Scroll Shop.
   309 | D        | Found Peunk's Jewellery Shop.
   325 | D        | Noticed an electric eel
   325 | D        | Noticed an electric eel
   325 | D        | Noticed an electric eel
   325 | D        | Noticed an electric eel
   326 | D        | Noticed an electric eel
   326 | D        | Noticed an electric eel
   326 | D        | Noticed an electric eel
   327 | D        | Noticed an electric eel
   327 | D        | Noticed an electric eel
   327 | D        | Noticed Menkaure
   329 | D        | Killed Menkaure
   346 | D        | Found Baogoy's Antique Armour Shop.
   346 | D        | Found Adibiuv's Food Boutique.
   346 | D        | Noticed a wyvern
   347 | D        | Found Vekusikk's Armour Boutique.
   348 | D        | Found Gaulodoh's Antique Weapon Shop.
   348 | D        | Found Nyiles's Distillery.
   348 | D        | Noticed a wyvern
   348 | D        | Noticed an oklob plant
   349 | D        | Found Dottidyu's Distillery.
   349 | D        | Found Fyuhirow's Jewellery Boutique.
   349 | D        | Found Qiodoa's Book Shoppe.
   368 | D        | Noticed a griffon
   380 | D        | Noticed a griffon
   381 | D        | Noticed a griffon
   387 | D        | Bought the ring "Yhinid" {+Inv rPois Str+4 Int+2} for 691 gold pieces
   430 | D        | Noticed a vampire mosquito
   436 | D        | Killed a vampire mosquito
   436 | D        | Reached skill level 1 in Evocations
   436 | D        | Reached XP level 8. HP: 27/36 MP: 12/22
   544 | D        | Noticed a kraken
   790 | D        | Found a deep blue altar of Sif Muna.
   790 | D        | Found an iron altar of Okawaru.
   813 | D        | Slain by a kraken

Vault maps used:
D:        the_violet_keep_of_menkaure

Action                   |  1- 3 |  4- 6 |  7- 9 || total
-------------------------+-------+-------+-------++-------
Melee: Dagger            |     2 |     8 |    12 ||    22
 Cast: Ensorcelled Hiber |       |     8 |     9 ||    17
       Confuse           |       |     1 |     2 ||     3
       Corona            |       |       |     1 ||     1
 Abil: Evoke Invisibilit |       |       |     3 ||     3
 Stab: Sleeping          |     2 |     2 |     7 ||    11
       Confused          |       |     2 |     1 ||     3
